 Dungeon Crawl Stone Soup version 0.27-a0-1324-ge0d8e047f6 (webtiles) character file.

Game seed: 11169077147584002218

529 pokeman the Magician (level 7, -2/39 HPs)
             Began as a Deep Elf Hedge Wizard on June 23, 2021.
             Slain by an ogre (25 damage)
             ... on level 5 of the Dungeon.
             The game lasted 00:09:07 (5375 turns).

pokeman the Magician (Deep Elf Hedge Wizard)        Turns: 5375, Time: 00:09:08

Health: -2/39      AC:  7    Str:  7    XL:     7   Next: 3%
Magic:  20/20      EV: 13    Int: 21    God:
Gold:   215        SH:  0    Dex: 14    Spells: 10/21 levels left

rFire    + . .     SeeInvis .   o - +0 falchion (elec)
rCold    x . .     Faith    .   (no shield)
rNeg     . . .     Spirit   .   b - +0 robe
rPois    .         Reflect  .   c - +0 hat
rElec    .         Harm     .   h - scarf {repulsion}
rCorr    .         Rampage  .   p - +0 pair of gloves
Will     .....                  (no boots)
Stlth    ++........             (no amulet)
HPRegen  0.13/turn              j - +4 ring of protection
MPRegen  0.17/turn              a - ring of fire

@: repel missiles
A: no striking features
a: no special abilities


You were on level 5 of the Dungeon.
You visited 1 branch of the dungeon, and saw 5 of its levels.

You collected 215 gold pieces.

Inventory:

Hand Weapons
 o - a +0 falchion of electrocution (weapon)
 t - a +0 hand crossbow
Missiles
 d - 59 arrows
 e - 81 bolts
Armour
 b - a +0 robe (worn)
 c - a +0 hat (worn)
 h - a scarf of repulsion (worn)
 p - a +0 pair of gloves (worn)
Jewellery
 a - a ring of fire (right hand)
 j - a +4 ring of protection (left hand)
Scrolls
 f - a scroll of amnesia {unknown}
 i - a scroll of immolation {unknown}
 k - a scroll of magic mapping {unknown}
 l - a scroll of teleportation {unknown}
 m - 2 scrolls of identify {unknown}
 q - a scroll of noise {unknown}
 s - a scroll of holy word {unknown}
 u - a scroll of torment {unknown}
Potions
 g - a potion of curing {unknown}
 n - a potion of heal wounds {unknown}
 r - a potion of berserk rage {unknown}


   Skills:
 + Level 1.6 Fighting
 - Level 1.0 Armour
 - Level 3.0 Dodging
 - Level 3.0 Stealth
 * Level 7.5 Spellcasting
 + Level 3.7 Conjurations
 - Level 1.1 Summonings
 - Level 1.1 Translocations
 + Level 1.6 Fire Magic
 - Level 1.3 Air Magic
 - Level 1.2 Poison Magic


You had 10 spell levels left.
You knew the following spells:

 Your Spells              Type           Power      Damage    Failure   Level
a - Magic Dart            Conj           92%        1d7       1%          1
b - Mephitic Cloud        Conj/Pois/Air  16%        N/A       11%         3
c - Call Imp              Summ           12%        N/A       8%          2
d - Blink                 Tloc           N/A        N/A       8%          2
e - Conjure Flame         Conj/Fire      28%        6-21      9%          3

Your spell library contained the following spells:

 Spells                   Type           Power      Damage    Failure   Level
 Animate Skeleton         Necr           14%        N/A       9%          1
 Pain                     Necr           28%        1d5       9%          1
 Slow                     Hex            7%         N/A       13%         2
 Vampiric Draining        Necr           3%         2d6       26%         3
 Animate Dead             Necr           3%         N/A       63%         4
 Agony                    Necr           7%         N/A       93%         5


Dungeon Overview and Level Annotations

Branches:
Dungeon (5/15)
 Temple: D:4-7

Altars:
Dithmenos
Gozag
Nemelex Xobeh
Trog
Wu Jian
Zin

Annotations:
D:5 Grinder


Message History

Casting: Blink (safe; 9% risk of failure)
Confirm with . or Enter, or press ? or * to list all spells.
The spell is quite dangerous to cast (11% risk of failure)!
Continue anyway?
Okay, then.
Casting: Mephitic Cloud (quite dangerous; 11% risk of failure)
Confirm with . or Enter, or press ? or * to list all spells.
The spell is quite dangerous to cast (11% risk of failure)!
Continue anyway?
Aiming: Mephitic Cloud (quite dangerous; 11% risk of failure)
Press: ? - help, Shift-Dir - straight line, f - iguana
Aim: an iguana (chance to affect: 86%)
The ball explodes into a vile cloud!
The stinking cloud engulfs the iguana but does no damage.
The iguana is engulfed in noxious fumes.
The iguana appears confused.
Unknown command.
You catch the helpless iguana completely off-guard!
You hit the iguana but do no damage. Lightning courses through the iguana!
You kill the iguana!
You have reached level 7!
You see here an iguana corpse.
Magic restored.
There is a stone staircase leading down here.
You climb downwards.
Level annotation: Grinder The adder completely misses you.
The iguana bites you.
The scorpion zombie hits you but does no damage.
The ogre barely misses you.
You riposte.
You hit the ogre but do no damage. Lightning courses through the ogre!
The ogre is heavily wounded.
The adder bites you.
There is a stone staircase leading up, spattered with blood here.
Unknown command.
The iguana bites you!
The killer bee zombie closely misses you.
You riposte.
You closely miss the killer bee zombie. The adder bites you but does no damage.
The scorpion zombie hits you but does no damage.
The ogre hits you with a +0 giant club!!
Ouch! That really hurt!
You die...

..... #..########..≈≈≈≈.
?....##o## #.......≈≈≈≈.
........##!..####..≈≈≈≈≈
....#.#............≈≈≈≈≈
.....5.o###########.≈≈≈≈
#....#..# ##.....≈≈≈≈
........######......≈≈≈≈
.....#Zl...........88≈≈≈
......Z@#######.........
......OS................
.....................88≈≈≈
.....####..###.........≈≈
...Z #.# #.#.......≈≈ ....
.##..###.....≈≈ .... ....
#......≈ #. .#. ..######≈
#.#.## #. #≈


You could see Grinder, an ogre, an iguana, an orc wizard, an adder, an orc, a
killer bee zombie and a scorpion zombie.

Vanquished Creatures
  A necrophage (D:4)
  A centaur (D:4)
  3 hounds
  2 iguanas
  2 orc wizards
  7 adders
  4 gnolls (D:4)
  A white imp (D:5)
  An ufetubus (D:4)
  A worm (D:2)
  3 dart slugs
  7 orcs
  3 ball pythons
  5 bats
  3 endoplasms
  3 giant cockroaches
  5 goblins
  3 hobgoblins
  2 jackals (D:2)
  A quokka (D:1)
  3 frilled lizards
  6 kobolds
  3 rats
70 creatures vanquished.

Vanquished Creatures (others)
  An adder (D:5)
1 creature vanquished.

Grand Total: 71 creatures vanquished

Notes
Turn   | Place    | Note
-------+----------+-------------------------------------------
     0 | D:1      | pokeman the Deep Elf Hedge Wizard began the quest for the
                  | Orb.
     0 | D:1      | Reached XP level 1. HP: 10/10 MP: 7/7
   548 | D:1      | Reached XP level 2. HP: 13/16 MP: 3/9
  1218 | D:1      | Found a faded altar of an unknown god.
  1530 | D:2      | Reached skill level 5 in Spellcasting
  1774 | D:2      | Reached XP level 3. HP: 19/20 MP: 6/11
  1778 | D:2      | Learned a level 3 spell: Mephitic Cloud
  1781 | D:2      | Learned a level 2 spell: Call Imp
  1784 | D:2      | Learned a level 2 spell: Blink
  1788 | D:2      | Learned a level 3 spell: Conjure Flame
  2163 | D:2      | Reached skill level 1 in Fighting
  2266 | D:2      | Reached skill level 1 in Armour
  3056 | D:3      | Reached XP level 4. HP: 25/25 MP: 6/13
  3181 | D:3      | Found an ornate altar of the Wu Jian Council.
  3189 | D:3      | Found a shadowy altar of Dithmenos.
  3189 | D:3      | Found a bloodstained altar of Trog.
  3193 | D:3      | Found a sparkling altar of Nemelex Xobeh.
  3475 | D:3      | Reached skill level 1 in Fire Magic
  4029 | D:4      | Reached skill level 6 in Spellcasting
  4029 | D:4      | Reached XP level 5. HP: 29/29 MP: 6/15
  4140 | D:4      | Noticed a centaur
  4140 | D:4      | Noticed a necrophage
  4146 | D:4      | Killed a centaur
  4147 | D:4      | Reached skill level 1 in Air Magic
  4147 | D:4      | Reached XP level 6. HP: 11/34 MP: 1/17
  4463 | D:4      | Reached skill level 7 in Spellcasting
  4463 | D:4      | Reached skill level 1 in Poison Magic
  4718 | D:4      | Found a glowing silver altar of Zin.
  4720 | D:4      | Found an opulent altar of Gozag.
  4918 | D:5      | Entered Level 5 of the Dungeon
  5029 | D:5      | Noticed Grinder
  5355 | D:4      | Reached XP level 7. HP: 39/39 MP: 17/20
  5375 | D:5      | Slain by an ogre

Illustrated notes

Levels and vault maps discovered:
D:1:      minmay_arrival_arboretum_large, layout_loops_corners,
          dilly_ecumenical_altar_fadedgnrine, minivault_25, nrook_mini_vaults
D:2:      layout_basic, minmay_misc_feat_more_columns, kennysheep_another_room
D:3:      layout_basic, grunt_temple_overflow_open
D:4:      layout_cave_pools, grunt_temple_overflow_gold_and_silver
D:5:      wander_river, layout_rooms, temple_statues, uniq_crazy_yiuf_cottage,
          uniq_grinder

Skill      XL: |  1  2  3  4  5  6 |
---------------+-------------------+-----
Spellcasting   | 5 6 7 |  7.5
Fighting       | 1 |  1.6
Conjurations   | 2 3 |  3.7
Armour         | 1 |  1.0
Fire Magic     | 1 |  1.6
Dodging        | 3 |  3.0
Stealth        | 3 |  3.0
Air Magic      | 1 |  1.3
Poison Magic   | 1 |  1.2
Summonings     | |  1.1
Translocations | |  1.1

Action                   |  1- 3 |  4- 6 |  7- 9 || total
-------------------------+-------+-------+-------++-------
Melee: Falchion          |     2 |    33 |       ||    35
 Cast: Magic Dart        |   122 |    64 |       ||   186
       Mephitic Cloud    |       |    10 |       ||    10
       Conjure Flame     |       |     2 |       ||     2
       Blink             |       |     3 |       ||     3
       Call Imp          |       |     2 |       ||     2
 Stab: Confused          |       |     7 |       ||     7
Armor: Robe              |    13 |    19 |     3 ||    35
Dodge: Dodged            |    24 |    40 |     3 ||    67
       Repelled          |       |     4 |       ||     4
       Rpst.: Falchion   |     4 |    10 |     2 ||    16

Table legend: (Time is in decaauts)
 A = Elapsed time spent in this place.
 B = Non-inter-level travel time spent in this place.
 C = Inter-level travel time spent in this place.
 D = Time resting spent in this place.
 E = Time spent auto-exploring this place.
 F = Levels seen in this place.
 G = Mean time per level.
                   A        B        C        D        E       F      G
               +--------+--------+--------+--------+--------+-----+--------+
         Total |   5396 |   5063 |    333 |    503 |   3899 |   5 | 1079.2 |
       Dungeon |   5396 |   5063 |    333 |    503 |   3899 |   5 | 1079.2 |
               +--------+--------+--------+--------+--------+-----+--------+

Top non-repeatable levels by time:
     D:1: 1509 daAuts
     D:2: 1461 daAuts
     D:3: 1416 daAuts
     D:4: 849 daAuts
     D:5: 159 daAuts
